 Dungeon Crawl Stone Soup version 0.25-a0-424-g80bd347ae0 (webtiles) character file.

Game seed: 5215928582662329874, levelgen mode: deterministic

60 ChaosChampion the Insei (level 4, -2/28 HPs)
             Began as an Octopode Transmuter on Jan 21, 2020.
             Killed from afar by Sigmund (12 damage)
             ... with a puff of flame
             ... on level 2 of the Dungeon.
             The game lasted 00:04:43 (1762 turns).

ChaosChampion the Insei (Octopode Transmuter)       Turns: 1762, Time: 00:04:45

Health: -2/28      AC:  1    Str:  9    XL:     4   Next: 4%
Magic:  0/7        EV: 13    Int: 16    God:
Gold:   96         SH:  0    Dex: 12    Spells: 1/7 levels left

rFire    . . .     SeeInvis .     - Unarmed
rCold    . . .     Gourm    .   (no shield)
rNeg     . . .     Faith    .   (helmet restricted)
rPois    .         Spirit   +   p - amulet of guardian spirit
rElec    .         Reflect  .   (no ring)
rCorr    .         Harm     .   (no ring)
MR       .....                  (no ring)
Stlth    +++.......             (no ring)
HPRegen  0.09/turn              (no ring)
MPRegen  0.10/turn              (no ring)
                                (no ring)
                                (no ring)

@: appendage
A: almost no armour, stealthy swim, amphibious, 8 rings, constrict 8, tentacle
spike 3, camouflage 1, gelatinous body 1
a: End Transformation


You were on level 2 of the Dungeon.
You were very hungry.
One of your tentacles had a temporary spike.
You visited 1 branch of the dungeon, and saw 2 of its levels.

You collected 96 gold pieces.

Inventory:

Missiles
 a - 18 arrows
Jewellery
 p - an amulet of guardian spirit (around mantle)
Scrolls
 d - a scroll of identify {unknown}
Potions
 b - a potion of flight {unknown}
 e - a potion of lignification {unknown}
 f - 4 potions of curing {unknown}
 g - 2 potions of might {unknown}
 h - 2 potions of brilliance {unknown}
 i - a potion of mutation {unknown}
 j - a potion of degeneration {unknown}
 n - 2 potions of heal wounds {unknown}
 o - a potion of ambrosia {unknown}
Comestibles
 c - 3 rations


   Skills:
 + Level 1.4 Fighting
 + Level 2.2 Dodging
 * Level 2.2 Stealth
 * Level 3.5 Unarmed Combat
 + Level 2.2 Spellcasting
 * Level 2.5 Transmutations


You had one spell level left.
You knew the following spells:

 Your Spells              Type           Power        Failure   Level  Hunger
a - Beastly Appendage     Tmut           #.....       7%          1    #......
b - Sticks to Snakes      Tmut           #.......     11%         2    ###....
c - Spider Form           Tmut/Pois      #.........   36%         3    ###....

Your spell library contained the following spells:

 Spells                   Type           Power        Failure   Level  Hunger
 Ice Form                 Ice/Tmut       #.......     77%         4    #####..
 Blade Hands              Tmut           #.........   89%         5    ######.


Dungeon Overview and Level Annotations

Branches:
Dungeon (2/15)

Altars:
Dithmenos

Annotations:
D:2 Sigmund


Innate Abilities, Weirdness & Mutations

You cannot wear most types of armour.
You are very stealthy in the water. (Stealth+)
You are amphibious.
You can wear up to eight rings at the same time.
You can use your tentacles to constrict eight enemies at once.
Your skin changes colour to match your surroundings (Stealth+).
Your rubbery body absorbs attacks. (AC +1, EV +1)
One of your tentacles bears a large vicious spike.


Message History

Sigmund's eyes start glowing with a red light.
Your ball python bites Sigmund.
Your ball python misses Sigmund.
Firing (i - inventory) No suitable missiles.
Press: ? - help, Shift-Dir - straight line, f - Sigmund
Aim: Sigmund, wielding a +0 scythe and wearing a +0 robe (lightly wounded)
Okay, then.
Unknown command.
Sigmund screams, "I am the angel of ZOT!!!"
Sigmund hits you with a +0 scythe!
Your ball python bites Sigmund.
Your ball python grabs Sigmund.
Your ball python constricts Sigmund.
You are too injured to fight recklessly!
You are too injured to fight recklessly!
You strike the helpless Sigmund from behind!
You tentacle-slap Sigmund.
Sigmund is lightly wounded.
Your ball python bites Sigmund but does no damage.
Your ball python constricts Sigmund.
Sigmund casts a spell at you. The puff of flame hits you!
You die...

......# #.##.# ##..........
.###.>### #.##.#####...>.......
## ##...#####.##..##.............
#####........)..#.#..............
.......................@.........
######.###...(...................
#..##.#.###.................
##.##.#.######..............
######.........S@@#...........[..
...##..##.......S....§###...##...
...##.####.........§_..#...<.....
...................§...<....###.#
....#####..........##..##.#.....#
...## #..#........###.##.#.##...
...# ##.##............##.#.##...
...####..##.......####....#.###..
>.......#####.##### #........#..


You could see Sigmund and 2 friendly ball pythons.

Vanquished Creatures
  An ooze (D:1)
  2 leopard geckos
  3 giant cockroaches (D:1)
  4 goblins (D:1)
  6 hobgoblins
  9 jackals
  7 kobolds (D:1)
  A quokka (D:2)
  3 ball pythons (D:1)
  7 bats
  A frilled lizard (D:1)
  3 rats
47 creatures vanquished.

Notes
Turn   | Place    | Note
-------+----------+-------------------------------------------
     0 | D:1      | ChaosChampion the Octopode Transmuter began the quest for
                  | the Orb.
     0 | D:1      | Reached XP level 1. HP: 13/13 MP: 3/3
    50 | D:1      | Reached XP level 2. HP: 13/18 MP: 5/5
    93 | D:1      | Reached skill level 1 in Stealth
   415 | D:1      | Reached XP level 3. HP: 18/23 MP: 4/6
   885 | D:2      | Found a shadowy altar of Dithmenos.
  1311 | D:2      | Noticed Sigmund
  1314 | D:2      | Reached XP level 4. HP: 27/28 MP: 1/7
  1397 | D:2      | Learned a level 2 spell: Sticks to Snakes
  1401 | D:2      | Learned a level 3 spell: Spider Form
  1762 | D:2      | Killed from afar by Sigmund

Levels and vault maps discovered:
D:1:      psy_arrival_statuary, layout_loops_corners
D:2:      layout_rooms, grunt_dithmenos_smoke, uniq_sigmund

Skill      XL: |  1  2  3 |
---------------+----------+-----
Stealth        | 1 2 |  2.2
Fighting       | |  1.4
Dodging        | |  2.2
Unarmed Combat | |  3.5
Spellcasting   | |  2.2
Transmutations | |  2.5

Action                   |  1- 3 |  4- 6 || total
-------------------------+-------+-------++-------
Melee: Unarmed           |   122 |     3 ||   125
       Constrict         |    29 |       ||    29
       Kick              |    14 |       ||    14
       Tentacles         |    14 |     1 ||    15
       Punch             |     1 |       ||     1
 Cast: Beastly Appendage |    20 |     2 ||    22
       Sticks to Snakes  |       |     2 ||     2
  Use: Scroll            |     4 |       ||     4
 Stab: Sleeping          |     9 |       ||     9
       Distracted        |       |     1 ||     1
  Eat: Chunk             |     2 |       ||     2
Armor: Skin              |    16 |     1 ||    17
Dodge: Dodged            |    93 |       ||    93

Table legend:
 A = Non-vault XP
 B = Vault XP
 C = Vault XP percentage of total XP
 D = Non-vault monster count
 E = Vault monster count
 F = Vault count percentage of total count
                 A         B        C        D         E       F
            +---------+---------+-------+---------+---------+-------
      Total |      86 |       0 |   0.0 |      47 |       0 |   0.0
            +---------+---------+-------+---------+---------+-------
        D:1 |      60 |       0 |   0.0 |      34 |       0 |   0.0
        D:2 |      26 |       0 |   0.0 |      13 |       0 |   0.0
            +---------+---------+-------+---------+---------+-------
